 Dungeon Crawl Stone Soup version 0.22.1-1-ga44c0e56f4 (webtiles) character file.

3204 Peloso the Carver (level 9, -4/81 HPs)
             Began as a Minotaur Fighter on Sept 30, 2018.
             Was a Priest of Okawaru.
             Slain by a vampire (10 damage)
             ... on level 9 of the Dungeon.
             The game lasted 00:11:57 (7636 turns).

Peloso the Carver (Minotaur Fighter)                Turns: 7636, Time: 00:11:57

Health: -4/81      AC: 13    Str: 23    XL:     9   Next: 65%
Magic:  8/8        EV:  9    Int:  5    God:    Okawaru [***...]
Gold:   459        SH: 11    Dex: 11    Spells: 8/8 levels left

rFire    . . .     SeeInvis .   a - +0 long sword
rCold    + . .     Gourm    .   c - +0 shield
rNeg     . . .     Faith    .   b - +2 chain mail {rC+}
rPois    .         Spirit   .   (helmet restricted)
rElec    .         Reflect  .   (no cloak)
rCorr    .         Harm     .   (no gloves)
MR       .....                  (no boots)
Stlth    ..........             (no amulet)
HPRegen  0.23/turn              l - ring of flight
MPRegen  0.11/turn              y - +2 ring of evasion

@: no status effects
A: retaliatory headbutt, horns 2
a: Heroism, Renounce Religion, Evoke Flight


You were on level 9 of the Dungeon.
You worshipped Okawaru.
Okawaru was most pleased with you.
You were very hungry.

You visited 2 branches of the dungeon, and saw 10 of its levels.

You collected 459 gold pieces.

Inventory:

Hand Weapons
 a - a +0 long sword (weapon)
Armour
 b - a +2 chain mail of cold resistance (worn)
 c - a +0 shield (worn)
Jewellery
 l - a ring of flight (left hand)
 y - a +2 ring of evasion (right hand)
Wands
 k - a wand of scattershot (5)
 v - a wand of random effects (37)
 x - a wand of disintegration (22)
 B - a wand of flame (24)
 C - a wand of paralysis (9)
Scrolls
 e - a scroll of enchant weapon {unknown}
 h - 3 scrolls of enchant armour
 i - 5 scrolls of teleportation
 m - 6 scrolls of magic mapping
 n - 4 scrolls of remove curse
 o - 3 scrolls of blinking
 p - a scroll of identify
 r - a scroll of noise {unknown}
 t - a scroll of immolation {unknown}
 u - a scroll of amnesia
 A - a scroll of fear
Potions
 d - a potion of might
 g - a potion of heal wounds
 j - 2 potions of cancellation
 q - 3 potions of brilliance
 s - 3 potions of resistance
 w - a potion of ambrosia
 z - 2 potions of mutation {unknown}
 D - a potion of degeneration {unknown}
Comestibles
 f - 14 rations


   Skills:
 + Level 7.8 Fighting
 + Level 10.6 Long Blades
 + Level 8.4 Armour
 + Level 2.1 Dodging
 + Level 0.3 Stealth
 + Level 7.6 Shields


You had 8 spell levels left.
You didn't know any spells.
Your spell library was empty.

Dungeon Overview and Level Annotations

Branches:
Dungeon (9/15)             Temple (1/1) D:6
   Lair: D:8-11         Orc: D:9-12

Altars:
Gozag
Hepliaklqana
Makhleb
Nemelex Xobeh
Okawaru
Sif Muna
Trog
Vehumet
Xom
Yredelemnul
Zin
The Shining One

Annotations:
D:7 3 runed doors, Cykl0x's ghost, novice DsFi; Zarkath's ghost, novice GrFi


Innate Abilities, Weirdness & Mutations

You reflexively headbutt those who attack you in melee.
You have a pair of horns on your head.


Message History

Your chain mail prevents you from hitting something.
Your headbutt misses something. Something hits you.
* * * LOW HITPOINT WARNING * * *
Something bites you.
* * * LOW HITPOINT WARNING * * *
Something draws strength from your injuries!
You miss something. You block something's attack.
Something bites you but does no damage.
You miss something. You barely miss something. You block something's attack.
Something bites you but does no damage.
You hit something but do no damage. Your headbutt misses something.
Something hits you!
* * * LOW HITPOINT WARNING * * *
Something bites you.
* * * LOW HITPOINT WARNING * * *
Something draws strength from your injuries!
You hit something. You headbutt something. Something completely misses you.
Something bites you!
You die...

#########
#.......#
#..@{...#
#......$#
#.......#######
#.............#
#........<....#
#.............+
#.............#
#.............#
#..#######....#


There were no monsters in sight!

Vanquished Creatures
  A hippogriff (D:7)
  Grum (D:8)
  Menkaure (D:6)
  2 sky beasts
  3 orc warriors
  2 ice beasts
  A necrophage (D:5)
  An ogre (D:6)
  4 wolves (D:8)
  3 centaurs
  A wyvern skeleton (D:6)
  A water moccasin skeleton (D:8)
  4 scorpions
  4 howler monkeys
  2 crimson imps
  2 jellies
  A centaur skeleton (D:6)
  4 hounds
  7 orc priests
  4 orc wizards
  2 iguanas (D:5)
  4 worker ants
  A worker ant zombie (D:7)
  9 adders
  A shadow imp (D:5)
  2 worms
  A dart slug (D:1)
  7 leopard geckos
  20 orcs
  4 giant cockroaches
  8 goblins
  10 hobgoblins
  6 jackals
  7 kobolds
  5 quokkas
  5 bats (D:3)
  2 frilled lizards
  A quokka skeleton (D:5)
  7 rats
151 creatures vanquished.

Vanquished Creatures (others)
  A withered plant (D:7)
1 creature vanquished.

Grand Total: 152 creatures vanquished

Notes
Turn   | Place    | Note
-------+----------+-------------------------------------------
     0 | D:1      | Peloso the Minotaur Fighter began the quest for the Orb.
     0 | D:1      | Reached XP level 1. HP: 19/19 MP: 0/0
   217 | D:1      | Reached XP level 2. HP: 27/27 MP: 1/1
   753 | D:2      | Reached skill level 3 in Long Blades
   800 | D:2      | Found a glowing golden altar of the Shining One.
   837 | D:2      | Reached XP level 3. HP: 23/33 MP: 2/2
   900 | D:2      | Reached XP level 4. HP: 35/41 MP: 3/3
  1216 | D:2      | Found a hazy altar of Hepliaklqana.
  1604 | D:3      | Reached skill level 4 in Long Blades
  1745 | D:3      | Reached XP level 5. HP: 47/47 MP: 4/4
  1957 | D:3      | Found a shimmering altar of Xom.
  2548 | D:4      | HP: 2/47 [hound (1)]
  2552 | D:4      | Reached skill level 5 in Shields
  2670 | D:4      | Found a burning altar of Makhleb.
  2707 | D:4      | Reached XP level 6. HP: 46/53 MP: 5/5
  2795 | D:4      | Reached skill level 5 in Armour
  3013 | D:4      | Reached skill level 5 in Fighting
  3167 | D:4      | Found a deep blue altar of Sif Muna.
  3218 | D:5      | Entered Level 5 of the Dungeon
  3230 | D:5      | Reached skill level 5 in Long Blades
  3292 | D:5      | Reached XP level 7. HP: 49/62 MP: 6/6
  3727 | D:6      | Reached skill level 6 in Long Blades
  3747 | D:6      | Found a staircase to the Ecumenical Temple.
  3790 | Temple   | Entered the Ecumenical Temple
  3810 | Temple   | Became a worshipper of Warmaster Okawaru
  3914 | D:6      | Reached skill level 1 in Dodging
  3972 | D:6      | Reached XP level 8. HP: 41/71 MP: 7/7
  4294 | D:6      | Reached * piety under Okawaru
  4294 | D:6      | Reached skill level 7 in Long Blades
  4634 | D:6      | Noticed Menkaure
  4640 | D:6      | Killed Menkaure
  5206 | D:7      | Found a runed gate.
  5206 | D:7      | Found a runed gate.
  5206 | D:7      | Found a runed gate.
  5693 | D:7      | Reached skill level 8 in Long Blades
  5914 | D:7      | Reached ** piety under Okawaru
  6022 | D:7      | Found a bloodstained altar of Trog.
  6022 | D:7      | Noticed a hippogriff
  6023 | D:7      | Found a sparkling altar of Nemelex Xobeh.
  6042 | D:7      | Killed a hippogriff
  6042 | D:7      | Reached XP level 9. HP: 53/79 MP: 8/8
  6096 | D:7      | Reached skill level 9 in Long Blades
  6362 | D:7      | Noticed Cykl0x's ghost (novice DsFi)
  6362 | D:7      | Noticed Zarkath's ghost (novice GrFi)
  6707 | D:8      | Noticed Grum
  6730 | D:8      | Killed Grum
  6734 | D:8      | Reached skill level 10 in Long Blades
  6739 | D:8      | Reached *** piety under Okawaru
  6739 | D:8      | HP: 4/80 [poisoned by Grum]
  7030 | D:8      | Found a radiant altar of Vehumet.
  7411 | D:8      | Found a glowing silver altar of Zin.
  7636 | D:9      | Slain by a vampire

Skill      XL: |  1  2  3  4  5  6  7  8  9 |
---------------+----------------------------+-----
Shields        | 4 5 6 7 |  7.6
Fighting       | 4 5 6 7 |  7.8
Long Blades    | 3 4 5 6 8 10 | 10.6
Armour         | 4 5 6 7 8 |  8.4
Dodging        | 1 2 |  2.1
Stealth        | |  0.3

Action                   |  1- 3 |  4- 6 |  7- 9 || total
-------------------------+-------+-------+-------++-------
Melee: Long sword        |    46 |   162 |   314 ||   522
       Headbutt          |     4 |    28 |    88 ||   120
Invok: Heroism           |       |       |     1 ||     1
  Use: Potion            |       |     1 |     3 ||     4
       Scroll            |       |    11 |     2 ||    13
  Eat: Chunk             |       |     8 |     9 ||    17
       Ration            |       |       |     1 ||     1
Armor: Scale mail        |     7 |       |       ||     7
       Chain mail        |    12 |    71 |   139 ||   222
Dodge: Dodged            |     7 |    40 |    84 ||   131
Block: Shield            |    19 |    88 |   143 ||   250
       Rpst.: Long sword |       |     7 |    21 ||    28
